 Dungeon Crawl Stone Soup version 0.29-a0-845-g6161e89988 (webtiles) character file.

Game seed: 7579845725221882669

110 omnesmortales the Digger (level 4, -3/24 HPs)
             Began as a Gargoyle Earth Elementalist on July 16, 2022.
             Slain by Terence
             ... wielding a +2 vorpal hand axe
              (5 damage)
             ... on level 2 of the Dungeon.
             The game lasted 00:09:46 (1861 turns).

omnesmortales the Digger (GrEE)                     Turns: 1861, Time: 00:09:47

Health: -3/24      AC:  5    Str: 12    XL:     4   Next: 91%
Magic:  8/8        EV: 12    Int: 17    God:
Gold:   69         SH:  0    Dex: 10    Spells: 8/9 levels left

rFire   . . .      SeeInvis .   (no weapon)
rCold   . . .      Faith    .   (no shield)
rNeg    + . .      Spirit   .   a - +0 robe
rPois   ∞          Reflect  .   (no helmet)
rElec   +          Harm     .   (no cloak)
rCorr   .          Rampage  .   (no gloves)
Will    .....                   (no boots)
Stlth   ++........              (no amulet)
HPRegen 0.08/turn               (no ring)
MPRegen 0.11/turn               (no ring)

@: no status effects
A: sickness immunity, AC +3, negative energy resistance 1, electricity
resistance, torment resistance 1, petrification resistance
a: no special abilities


You were on level 2 of the Dungeon.
You visited 1 branch of the dungeon, and saw 3 of its levels.

You collected 69 gold pieces.

Inventory:

Hand Weapons
 j - a +0 short sword
Armour
 a - a +0 robe (worn)
Scrolls
 f - a scroll of teleportation {unknown}
 g - a scroll of fog {unknown}
 k - a scroll of immolation {unknown}
 l - a scroll of silence {unknown}
Potions
 b - a potion of magic
 c - a potion of might {unknown}
 d - a potion of brilliance {unknown}
 e - 2 potions of berserk rage {unknown}
 h - a potion of resistance {unknown}
 i - 2 potions of mutation {unknown}


   Skills:
 + Level 1.7 Dodging
 + Level 2.7 Stealth
 + Level 3.2 Spellcasting
 + Level 0.7 Transmutations
 + Level 5.1 Earth Magic


You had 8 spell levels left.
You knew the following spells:

 Your Spells              Type           Power      Damage    Failure   Level
a - Sandblast             Erth           40%        2d10      1%          1

Your spell library contained the following spells:

 Spells                   Type           Power      Damage    Failure   Level
 Passwall                 Tmut/Erth      10%        N/A       8%          2
 Beastly Appendage        Tmut           10%        N/A       13%         1
 Wereblood                Tmut           5%         N/A       19%         2
 Stone Arrow              Conj/Erth      22%        3d8       19%         3
 Spider Form              Tmut/Pois      3%         N/A       41%         3
 Petrify                  Tmut/Erth      12%        N/A       45%         4


Dungeon Overview and Level Annotations

Branches:
Dungeon (3/15)

Altars:

Annotations:
D:2 Terence


Innate Abilities, Weirdness & Mutations

You are immune to sickness and miasma.
Your stone body is resilient. (AC +3)
You are immune to poison.
You resist negative energy. (rN+)
You are resistant to electric shocks. (rElec)
You are resistant to unholy torment.
You are immune to petrification.


Message History

Terence shouts!
Aiming: Sandblast (safe; 1% risk of failure)
Press: ? - help, Q - select action Shift-Dir - straight line, f - you
Okay, then.
Aiming: Sandblast (safe; 1% risk of failure)
Press: ? - help, Q - select action Shift-Dir - straight line, f - Terence
Aim: Terence, wielding a +2 vorpal hand axe and wearing a +0 chain mail (86% to hit)
The blast of sand hits Terence but does no damage.
Terence drinks a potion.
Terence flickers and vanishes!
Deactivating autopickup; reactivate with Ctrl-A.
Aiming: Sandblast (safe; 1% risk of failure)
Press: ? - help, Q - select action Shift-Dir - straight line, f - you
Okay, then.
Aiming: Sandblast (safe; 1% risk of failure)
Press: ? - help, Q - select action Shift-Dir - straight line, f - you
Okay, then.
Something hits you but does no damage.
You hit something. Something barely misses you.
You barely miss something. Something hits you!
Something hits you but does no damage. Something hits you.
* * * LOW HITPOINT WARNING * * *
There is a stone staircase leading down here.
Something hits you.
* * * LOW HITPOINT WARNING * * *
x2 You climb downwards.
Reactivating autopickup.
Found a scroll labelled QATHEIQIGH.
There is a stone staircase leading up here.
Something hits you.
* * * LOW HITPOINT WARNING * * *
x2 Deactivating autopickup; reactivate with Ctrl-A.
You climb upwards.
Level annotation: Terence Reactivating autopickup.
There is a stone staircase leading down here.
You start resting.
Something hits you but does no damage.
Deactivating autopickup; reactivate with Ctrl-A.
Something hits you.
You die...

#.............# #.# #
#.#....#.####.## #.#
####.#........#...#######.#
..........................#
#........##.......#########
#.####..###.###...# ############
#.####......# #...# #...........
#.##....##### #...# #.######..##
#.##.##.# #.@.# #.# #..#
#.##.##.## #...# #.# ##..#
.........# #...# #.# #...#
.###.###.######...####.### ##..#
.###.###....<............# ##.##
.#.......................#####...
##.#.##..........................
#.#.##.#####.#...#.#####.#.##..#
#.#..#.# #.#...#.# #.#......


There were no monsters in sight!

Vanquished Creatures
  Natasha (twice) (D:2)
  3 adders (D:2)
  2 dart slugs
  5 endoplasms
  A giant cockroach (D:2)
  2 goblins (D:2)
  5 hobgoblins
  A kobold (D:2)
  2 quokkas
  2 ball pythons
  2 bats (D:1)
  A frilled lizard (D:2)
  2 rats (D:1)
30 creatures vanquished.

Notes
Turn   | Place    | Note
-------+----------+-------------------------------------------
     0 | D:1      | omnesmortales the Gargoyle Earth Elementalist began the
                  | quest for the Orb.
     0 | D:1      | Reached XP level 1. HP: 10/10 MP: 3/3
   214 | D:1      | Found a faded altar of an unknown god.
   466 | D:1      | Reached XP level 2. HP: 15/15 MP: 1/5
   794 | D:1      | Reached skill level 4 in Earth Magic
  1256 | D:2      | Reached XP level 3. HP: 19/19 MP: 3/6
  1436 | D:2      | Noticed Natasha
  1439 | D:2      | Killed Natasha
  1616 | D:2      | Reached XP level 4. HP: 24/24 MP: 5/8
  1638 | D:2      | Noticed Natasha
  1745 | D:2      | Killed Natasha
  1746 | D:2      | Reached skill level 5 in Earth Magic
  1820 | D:2      | Noticed Terence
  1858 | D:3      | HP: 1/24 [something (1)]
  1861 | D:2      | Slain by Terence

Illustrated notes

Levels and vault maps discovered:
D:1:      dpeg_arrival_shrine, layout_basic, basic_ecumenical_altar
D:2:      layout_loops_cross, grunt_decor_resistance, uniq_natasha, uniq_terence
D:3:      layout_rooms

Skill      XL: |  1  2  3  4 |
---------------+-------------+-----
Earth Magic    | 4 5 |  5.1
Spellcasting   | 3 |  3.2
Dodging        | |  1.7
Stealth        | |  2.7
Transmutations | |  0.7

Action                   |  1- 3 |  4- 6 || total
-------------------------+-------+-------++-------
Melee: Unarmed           |       |     2 ||     2
 Cast: Sandblast         |    30 |    12 ||    42
Armor: Robe              |     4 |     4 ||     8
Dodge: Dodged            |     4 |     6 ||    10

Table legend: (Time is in decaauts)
 A = Elapsed time spent in this place.
 B = Non-inter-level travel time spent in this place.
 C = Inter-level travel time spent in this place.
 D = Time resting spent in this place.
 E = Time spent auto-exploring this place.
 F = Levels seen in this place.
 G = Mean time per level.
                   A        B        C        D        E       F      G
               +--------+--------+--------+--------+--------+-----+--------+
         Total |   1926 |   1922 |      4 |    618 |    710 |   3 |  642.0 |
       Dungeon |   1926 |   1922 |      4 |    618 |    710 |   3 |  642.0 |
               +--------+--------+--------+--------+--------+-----+--------+

Top non-repeatable levels by time:
     D:1: 1169 daAuts
     D:2: 755 daAuts
     D:3: 1 daAuts
